 Dungeon Crawl Stone Soup version 0.31.0-32-g396128a36d (webtiles) character file.

Game seed: 6026696498968959832

78 spaghetti the Cutter (level 4, -3/42 HPs)
             Began as a Naga Chaos Knight on Mar 9, 2024.
             Was a Plaything of Xom.
             Slain by a gnoll
             ... wielding a +0 whip
              (9 damage)
             ... on level 3 of the Dungeon.
             The game lasted 00:01:53 (1550 turns).

spaghetti the Cutter (Naga Chaos Knight)            Turns: 1550, Time: 00:01:54

Health: -3/42      AC:  5    Str: 14    XL:     4   Next: 36%
Magic:  4/4        EV:  9    Int: 15    God:    Xom [..*...]
Gold:   83         SH:  0    Dex: 10    Spells: 3/3 levels left

rFire   . . .        a - +0 short sword (chaos)
rCold   . . .        (no shield)
rNeg    . . .        b - +2 leather armour
rPois   +            (no helmet)
rElec   .            (no cloak)
rCorr   .            (no gloves)
SInv    +            (no barding)
Will    .....        (no amulet)
Stlth   ++           (no ring)
HPRegen 0.27/turn    (no ring)
MPRegen 0.09/turn

%: no passive effects
@: very slow
A: AC +1, large, see invisible, deformed body, poison resistance, slowness 2,
spit poison 1, naga tail 1
a: Spit Poison, Renounce Religion


You were on level 3 of the Dungeon.
You worshipped Xom.
You were a toy of Xom.
You visited 1 branch of the dungeon, and saw 3 of its levels.

You collected 83 gold pieces.

Inventory:

Hand Weapons
 a - a +0 short sword of chaos (weapon)
Armour
 b - a +2 leather armour (worn)
Wands
 i - a wand of polymorph (6)
 j - a wand of roots (11)
Scrolls
 c - 2 scrolls of butterflies
 d - a scroll of identify
 h - 2 scrolls of immolation
 k - a scroll of brand weapon {unknown}
 l - a scroll of fear {unknown}
Potions
 g - a potion of degeneration


   Skills:
 - Level 3.0 Fighting
 * Level 4.4 Short Blades
 - Level 1.5 Armour
 + Level 1.4 Dodging
 + Level 2.4 Stealth


You had 3 spell levels left.
You didn't know any spells.
Your spell library was empty.

Dungeon Overview and Level Annotations

Branches:
Dungeon (3/15)

Altars:

Annotations:
D:2 1 runed translucent door, Crazy Yiuf


Innate Abilities, Weirdness & Mutations

Your serpentine skin is tough. (AC +1)
You have supernaturally acute eyesight. (SInv)
Armour fits poorly on your strangely shaped body.
Your system is resistant to poisons. (rPois)
You cover ground very slowly.
You can spit poison.
You have a snake-like lower body.


Message History

The splash of poison misses the gnoll.
The splash of poison hits the gnoll!
The gnoll looks even sicker.
The gnoll is almost dead.
You kill the gnoll!
The gnoll closely misses you. x2
Unknown command.
The gnoll attacks as it pursues you!
The gnoll hits you from afar with a +0 spear.
* * * LOW HITPOINT WARNING * * *
You feel better. The gnoll hits you with a +0 whip.
The gnoll hits you from afar with a +0 spear!
* * * LOW HITPOINT WARNING * * *
You feel better.
You have got your breath back.
The gnoll hits you from afar with a +0 spear.
* * * LOW HITPOINT WARNING * * *
As you read the scroll of teleportation, it crumbles to dust.
You feel strangely unstable.
Xom's attention almost turns to you for a moment.
Your wand of roots (11) briefly glows.
The gnoll closely misses you. The gnoll hits you but does no damage.
The gnoll hits you with a +0 whip.
* * * LOW HITPOINT WARNING * * *
The gnoll completely misses you.
Unknown command.
Your surroundings suddenly seem different.
Found 6 stones.
You start resting.
A kobold comes into view. It is wielding a +0 club.
A kobold is nearby!
You almost hear Xom's maniacal laughter.
Nothing appears to happen...
Ominous!
The gnoll shouts!
The gnoll hits you with a +0 whip.
* * * LOW HITPOINT WARNING * * *
The gnoll hits you but does no damage.
There is a stone staircase leading down here.
The gnoll hits you with a +0 whip!
You die...
Xom chuckles heartily!

.................###..........
#...............##g.g........
#.##.(............)...#......†..
.................####..†......
#.............># #.........
#..........g.g.# #..#.....##
.....#............###..####..##
...#..#.......g.......# #...# .
##..####....@###### #.#<# ##.
#.##.## #.#.# #. ...##.# #.#..
.. #.####.# #.##.# K.... ..# ..
.. ... ### .. ... .# ... #..


You could see 3 gnolls.

Vanquished Creatures
  A gnoll (D:3)
  2 adders
  A ribbon worm (D:2)
  3 endoplasms
  3 giant cockroaches
  4 goblins
  5 hobgoblins
  4 quokkas
  3 ball pythons
  8 bats
  3 frilled lizards
  6 kobolds
  A rat (D:2)
44 creatures vanquished.

Vanquished Creatures (collateral kills)
  A frilled lizard (D:1)
1 creature vanquished.

Grand Total: 45 creatures vanquished

Notes
Turn   | Place    | Note
-------+----------+-------------------------------------------
     0 | D:1      | spaghetti the Naga Chaos Knight began the quest for the
                  | Orb.
     0 | D:1      | Reached XP level 1. HP: 21/21 MP: 1/1
   186 | D:1      | Reached XP level 2. HP: 27/28 MP: 2/2
   551 | D:1      | XOM: divination: detect items
   581 | D:1      | Found a faded altar of an unknown god.
   627 | D:1      | Reached skill level 1 in Stealth
   742 | D:2      | Reached skill level 1 in Dodging
   771 | D:2      | Reached XP level 3. HP: 31/34 MP: 3/3
   780 | D:2      | XOM: silly message
   796 | D:2      | XOM: 2-stop teleportation journey
   854 | D:2      | Reached skill level 4 in Short Blades
   865 | D:2      | XOM: silly message
  1304 | D:2      | XOM: silly message
  1411 | D:2      | Found a runed translucent door.
  1412 | D:2      | Noticed Crazy Yiuf
  1456 | D:3      | Reached XP level 4. HP: 29/42 MP: 4/4
  1518 | D:3      | XOM: silly message
  1534 | D:3      | XOM: silly message
  1547 | D:3      | XOM: silly message
  1550 | D:3      | Slain by a gnoll

Illustrated notes

Levels and vault maps discovered:
D:1:      co_arrival_random_square_maze, layout_rooms, serial_forest,
          infiniplex_forest_clump_small, infiniplex_forest_end_2,
          infiniplex_forest_lined_room_, infiniplex_forest_end_3,
          infiniplex_forest_straight_3, infiniplex_forest_split,
          infiniplex_forest_end_2, infiniplex_forest_straight_4,
          shapermc_ecumenical_altar_mp_vishouse
D:2:      layout_rooms, minmay_quadrilaterals, uniq_crazy_yiuf_cottage
D:3:      layout_rooms, eino_tiny_chamber, minmay_fractal_squares_gapless_5

Skill      XL: |  1  2  3 |
---------------+----------+-----
Stealth        | 1 2 |  2.4
Dodging        | 1 |  1.4
Short Blades   | 4 |  4.4
Fighting       | |  3.0
Armour         | |  1.5

Action                     |  1- 3 |  4- 6 || total
---------------------------+-------+-------++-------
  Melee: Short sword       |   183 |    12 ||   195
Ability: Spit Poison       |       |     1 ||     1
    Use: Scroll            |     3 |     1 ||     4
         Potion            |     1 |     2 ||     3
   Stab: Sleeping          |     2 |       ||     2
 Armour: Leather armour    |   111 |    25 ||   136
  Dodge: Dodged            |    82 |    15 ||    97
